 Dungeon Crawl Stone Soup version 0.32-a0-612-g1c984fe9d1 (webtiles) character file.

Game seed: 15885080708477036310

17383 Strat the Eclecticist (level 12, -6/132 HPs)
             Began as an Oni Hedge Wizard on Mar 4, 2024.
             Was an Elder of Beogh.
             Mangled by a +0 trident (9 damage)
             ... animated by Morguth the orc apostle
             ... on level 2 of the Lair of Beasts.
             The game lasted 00:42:03 (14639 turns).

Strat the Eclecticist (Oni Hedge Wizard)           Turns: 14639, Time: 00:42:04

Health: -6/132     AC: 14    Str: 25    XL:     12   Next: 47%
Magic:  31/31      EV:  9    Int: 17    God:    Beogh [****..]
Gold:   816        SH:  0    Dex:  8    Spells: 16/41 levels left

rFire   . . .        b - +2 spear (venom)
rCold   . . .        (no shield)
rNeg    . . .        f - +0 acid dragon scales
rPois   .            B - +2 hat
rElec   .            w - +0 cloak
rCorr   +            (gloves unavailable)
SInv    .            (boots unavailable)
Will    +....        (no amulet)
Stlth   +            p - +4 ring of protection
HPRegen 0.42/turn    t - +6 ring of strength
MPRegen 0.22/turn

%: no passive effects
@: mighty
A: large, unfitting armour, horns 1, tough skin 1, double potion healing,
drunken brawling
a: Renounce Religion, Smiting, Recall Apostles, Dismiss Arbolt, wizard, Dismiss
Blodwig, warrior


You were on level 2 of the Lair of Beasts.
You worshipped Beogh.
Beogh was greatly pleased with you.
You visited 2 branches of the dungeon, and saw 12 of its levels.
You also visited: Sewer.

You collected 816 gold pieces.

Inventory:

Hand Weapons
 a - a +2 glaive of protection
 b - a +2 spear of venom (weapon)
 C - a +3 quarterstaff of chaos
Missiles
 c - a throwing net
 g - 5 darts of dispersal
 j - 32 poisoned darts
Armour
 f - +0 acid dragon scales (worn)
 w - a +0 cloak (worn)
 B - a +2 hat (worn)
 L - +0 steam dragon scales
Jewellery
 n - a ring of willpower
 p - a +4 ring of protection (left hand)
 t - a +6 ring of strength (right hand)
 v - a ring of see invisible
 y - a +6 ring of strength
 z - an amulet of faith
Wands
 d - a wand of flame (3)
 l - a wand of polymorph (5)
 D - a wand of charming (19)
Scrolls
 e - a scroll of amnesia
 i - 3 scrolls of enchant weapon
 m - 2 scrolls of fog
 r - 5 scrolls of vulnerability
 A - 5 scrolls of teleportation
 J - 3 scrolls of revelation
 K - a scroll of fear
Potions
 h - 2 potions of brilliance
 q - a potion of ambrosia
 s - 2 potions of enlightenment
 F - a potion of attraction
 G - a potion of mutation


   Skills:
 - Level 12.0 Fighting
 + Level 8.0 Polearms
 - Level 1.7 Dodging
 - Level 1.4 Stealth
 + Level 15.4 Spellcasting
 - Level 4.0 Conjurations
 - Level 2.0 Summonings
 - Level 0.8 Translocations
 - Level 1.0 Air Magic
 - Level 1.0 Alchemy
 + Level 7.1 Invocations


You had 16 spell levels left.
You knew the following spells:

 Your Spells              Type           Power      Damage    Failure   Level
a - Magic Dart            Conj           100%       1d8       1%          1
b - Blink                 Tloc           32%        N/A       6%          2
c - Call Imp              Summ           38%        N/A       4%          2
d - Mephitic Cloud        Conj/Alch/Air  19%        N/A       8%          3
e - Olgreb's Toxic Radia  Alch           16%        N/A       36%         4
f - Fulminant Prism       Conj/Alch      10%        3d9       22%         4
g - Iskenderun's Mystic   Conj/Tloc      21%        2d6       22%         4
h - Irradiate             Conj/Alch      10%        3d15      52%         5

Your spell library contained the following spells:

 Spells                   Type           Power      Damage    Failure   Level
 Slow                     Hex            52%        N/A       6%          1
 Cigotuvi's Dreadful Rot  Necr/Alch/Air  30%        N/A       7%          2
 Jinxbite                 Hex            26%        N/A       9%          2
 Sublimation of Blood     Necr           13%        N/A       9%          2
 Volatile Blastmotes      Fire/Tloc      28%        2d12      16%         3
 Petrify                  Alch/Erth      14%        N/A       43%         4
 Yara's Violent Unravell  Hex/Alch       7%         3d5       80%         5
 Enfeeble                 Hex            6%         N/A       100%        7
 Ozocubu's Refrigeration  Ice            6%         4d8       100%        7
 Discord                  Hex            6%         N/A       100%        8
 Chain Lightning          Conj/Air       10%        3d14      100%        9
 Fire Storm               Conj/Fire      9%         8d3       100%        9
 Shatter                  Erth           6%         3d9*      100%        9


Dungeon Overview and Level Annotations

Branches:
Dungeon (10/15)            Temple (0/1) D:7            Lair (2/5) D:8
  Sewer (visited)
  Swamp: Lair:2-3    Shoals: Lair:2-3     Snake: Lair:2-3    Spider: Lair:2-3
    Orc: D:9-12

Altars:
Ashenzari
Cheibriados
Dithmenos
Elyvilon
Fedhas
Gozag
Hepliaklqana
Makhleb
Sif Muna
Trog
Uskayaw
The Shining One

Shops:
D:10 (

Annotations:
D:3 2 transporters
D:6 3 runed translucent doors, jamsaran's ghost, novice DgAl
D:10 2 runed translucent doors, SirDiesAlot's ghost, journeyman CoGl
Lair:2 exclusion: oklob plant


Innate Abilities, Weirdness & Mutations

Your facial features look somewhat orcish.
You are too large for most types of armour.
You have a pair of small horns on your head.
You have tough skin. (AC +1)
You gain doubled healing and magic from potions.
Whenever you drink a healing potion, you attack all around you.


Message History

Your cerulean imp convulses.
The +0 trident barely misses your cerulean imp.
Your cerulean imp misses Morguth.
The +0 trident misses your cerulean imp.
Morguth hits your cerulean imp with the +1 eveningstar "Brilliance"!
Your cerulean imp dies!
Your cerulean imp disappears in a puff of smoke!
Morguth calls down the wrath of Beogh upon you.
Beogh smites you!
* * * LOW HITPOINT WARNING * * *
Morguth invokes the aid of Beogh against you.
Beogh smites you!
* * * LOW HITPOINT WARNING * * *
The +0 trident hits you but does no damage.
The +0 trident attacks as it pursues you!
The +0 trident closely misses you. The +0 trident hits you from afar.
* * * LOW HITPOINT WARNING * * *
The +0 trident hits you but does no damage.
You see here a +0 hand axe.
The +0 trident hits you from afar.
* * * LOW HITPOINT WARNING * * *
The +0 trident hits you from afar.
* * * LOW HITPOINT WARNING * * *
The +0 trident attacks as it pursues you!
The +0 trident hits you from afar.
* * * LOW HITPOINT WARNING * * *
The +0 trident hits you but does no damage.
The +0 trident attacks as it pursues you!
The +0 trident hits you from afar.
* * * LOW HITPOINT WARNING * * *
The +0 trident hits you from afar.
* * * LOW HITPOINT WARNING * * *
The +0 trident attacks as it pursues you!
The +0 trident hits you but does no damage. x2
The +0 trident attacks as it pursues you!
The +0 trident barely misses you.
The +0 trident hits you but does no damage.
The +0 trident hits you from afar!
You die...
Beogh appreciates the +0 trident's killing of a heretic priest.

#.#..'..#.#.# #.......#
##..####### ##.+##### #...#
##.## # #..## ##.. # ##..#
#..####### ###...###
#########.P#.....
#.......###.#....o..)..####
#.......#.##...##.#.#P.# #
##.<.......@.(P#####.#### #
##........#.##P## #..#
#.........###### #.P#
###.......## #.##
#........# ##.## #.......##
##...# ##..##### #..#.#
#.......## ##..##
##PP##...# ###..####


You could see Morguth the orc apostle (divinely empowered, target of vengeance)
and a +0 trident (summoned).

Vanquished Creatures
  A boulder beetle (Lair:1)
  A two-headed ogre (D:10)
  Pikel (D:5)
  An orc apostle (Lair:2)
  Maurice (D:7)
  A cane toad (Lair:1)
  A kobold demonologist (D:10)
  Maggie (D:8)
  A komodo dragon (Lair:2)
  An unseen horror (D:10)
  A troll (D:9)
  A hornet (D:7)
  2 vampires (D:10)
  A wyvern (D:8)
  3 wraiths (D:10)
  15 yaks
  Grum (D:8)
  A steam dragon (D:6)
  An acid dragon (D:9)
  A water moccasin (Lair:1)
  2 ogres
  2 ice beasts
  3 wolves
  A centaur (D:7)
  A phantom (D:5)
  4 lemures
  3 kobold brigands
  A brain worm (Sewer)
  8 bullfrogs
  A gnoll sergeant (D:6)
  3 scorpions
  15 killer bees
  A howler monkey (D:10)
  2 bombardier beetles
  A jelly (D:8)
  2 orc priests
  A hound (D:5)
  Crazy Yiuf (D:7)
  A sleepcap (D:4)
  2 orc wizards
  11 gnolls
  3 adders
  A river rat (Sewer)
  A shadow imp (D:6)
  2 ufetubi (D:6)
  2 dart slugs
  2 ribbon worms
  19 orcs
  20 ball pythons
  8 bats
  7 endoplasms
  7 giant cockroaches
  16 goblins
  8 hobgoblins
  2 jackals (D:4)
  37 kobolds
  14 quokkas
  2 frilled lizards
  6 rats
260 creatures vanquished.

Vanquished Creatures (collateral kills)
  Josephine (D:10)
  A black mamba (Lair:2)
  2 cane toads
  2 komodo dragons
  A hornet (D:10)
  4 wraiths
  18 yaks
  2 water moccasins (Lair:1)
  3 wolves (Lair:1)
  A centaur (D:9)
  A kobold brigand (D:9)
  A bullfrog (Lair:2)
  5 killer bees
  4 electric eels
  2 iguanas (D:5)
  3 adders
  A ribbon worm (D:4)
  2 orcs
  A giant cockroach (D:2)
  A goblin (D:2)
  2 ball pythons
  3 kobolds
  2 rats
  3 foxfires (Lair:2)
66 creatures vanquished.

Vanquished Creatures (others)
  3 orc apostles
  An orc (D:5)
  50 foxfires
54 creatures vanquished.

Grand Total: 380 creatures vanquished

Notes
Turn   | Place    | Note
-------+----------+-------------------------------------------
     0 | D:1      | Strat the Oni Hedge Wizard began the quest for the Orb.
     0 | D:1      | Reached XP level 1. HP: 16/16 MP: 5/5
    62 | D:1      | Reached skill level 1 in Conjurations
    81 | D:1      | Reached skill level 1 in Fighting
    87 | D:1      | Reached XP level 2. HP: 17/27 MP: 1/6
   325 | D:1      | Reached skill level 4 in Spellcasting
   718 | D:1      | Reached XP level 3. HP: 35/35 MP: 8/8
   837 | D:1      | Learned a level 2 spell: Blink
   840 | D:1      | Learned a level 2 spell: Call Imp
   844 | D:1      | Learned a level 3 spell: Mephitic Cloud
  1291 | D:2      | Reached XP level 4. HP: 40/44 MP: 7/10
  1860 | D:3      | Reached skill level 5 in Spellcasting
  1907 | D:3      | Found a bloodstained altar of Trog.
  2155 | D:3      | Found a transporter.
  2196 | D:3      | Found a transporter.
  2535 | D:4      | Noticed a scorpion
  2780 | D:4      | Reached XP level 5. HP: 38/53 MP: 6/12
  2917 | D:4      | Noticed an ogre
  2933 | D:4      | Killed an ogre
  2934 | D:4      | Reached skill level 6 in Spellcasting
  2934 | D:4      | Reached XP level 6. HP: 62/62 MP: 6/15
  3263 | D:4      | Reached skill level 1 in Summonings
  3296 | D:4      | Became a worshipper of Beogh the Shepherd
  3586 | D:5      | Entered Level 5 of the Dungeon
  3598 | D:5      | Found a glowing golden altar of the Shining One.
  3631 | D:5      | Reached skill level 5 in Fighting
  3631 | D:5      | Reached XP level 7. HP: 53/72 MP: 17/17
  3754 | D:5      | Reached skill level 7 in Spellcasting
  3821 | D:5      | Noticed Pikel
  4958 | D:5      | Reached * piety under Beogh
  4959 | D:5      | Reached skill level 8 in Spellcasting
  5033 | D:5      | Found a snail-covered altar of Cheibriados.
  5175 | D:5      | Reached skill level 1 in Air Magic
  5175 | D:5      | Reached skill level 1 in Alchemy
  5175 | D:5      | Reached XP level 8. HP: 75/83 MP: 11/20
  5629 | D:5      | Killed Pikel
  5630 | D:5      | Reached skill level 9 in Spellcasting
  5819 | D:6      | Found a glowing drain.
  5857 | Sewer    | Entered a sewer
  6040 | Sewer    | Reached ** piety under Beogh
  6152 | Sewer    | Reached skill level 10 in Spellcasting
  6673 | D:6      | Found a burning altar of Makhleb.
  7044 | D:6      | Reached XP level 9. HP: 87/96 MP: 19/23
  7170 | D:6      | Found a runed translucent gate.
  7173 | D:6      | Found a runed translucent gate.
  7195 | D:6      | Found a shimmering blue altar of Sif Muna.
  7212 | D:6      | Found a runed translucent gate.
  7212 | D:6      | Noticed jamsaran's ghost (novice DgAl)
  7513 | D:7      | Noticed Maurice
  7535 | D:7      | Maurice stole a ring of willpower
  7536 | D:7      | Killed Maurice
  7537 | D:7      | Reached skill level 11 in Spellcasting
  7576 | D:7      | Noticed a hornet
  7584 | D:7      | Killed a hornet
  7704 | D:7      | Found a staircase to the Ecumenical Temple.
  8021 | D:7      | Found an opulent altar of Gozag.
  8021 | D:7      | Found a broken altar of Ashenzari.
  8022 | D:7      | Found a shadowy altar of Dithmenos.
  8098 | D:7      | Found a runed translucent door.
  8099 | D:7      | Noticed Crazy Yiuf
  8114 | D:7      | Killed Crazy Yiuf
  8147 | D:7      | Identified the +4 hammer "Gocar" {antimagic, *Noise Fly
                  | rPois Dex+2}
  8196 | D:8      | Found a white marble altar of Elyvilon.
  8310 | D:8      | Reached skill level 10 in Fighting
  8355 | D:8      | Reached skill level 12 in Spellcasting
  8485 | D:8      | Found a blossoming altar of Fedhas.
  8575 | D:8      | Noticed Grum
  8586 | D:8      | Reached XP level 10. HP: 110/110 MP: 21/26
  8600 | D:8      | Learned a level 4 spell: Olgreb's Toxic Radiance
  8646 | D:8      | Killed Grum
  8737 | D:8      | Learned a level 4 spell: Fulminant Prism
  8742 | D:8      | Learned a level 4 spell: Iskenderun's Mystic Blast
  9053 | D:8      | Reached *** piety under Beogh
  9084 | D:8      | Identified the +6 dagger of Sharkskin {pain, Will++}
  9084 | D:8      | Identified the +0 robe "Bepnonk" {-Cast Dex+8}
  9084 | D:8      | Noticed Arbolt
  9096 | D:8      | Anointed Arbolt the wizard as your apostle
  9219 | D:8      | Noticed Maggie
  9222 | D:8      | Found a staircase to the Lair.
  9232 | D:8      | Killed Maggie
  9430 | D:8      | Found a hazy altar of Hepliaklqana.
  9800 | D:9      | Your ally Arbolt died
  9804 | D:9      | Reached skill level 13 in Spellcasting
 10084 | D:8      | Reached skill level 1 in Polearms
 10352 | D:8      | Noticed Blodwig
 10439 | D:8      | Anointed Blodwig the warrior as your apostle
 10604 | D:9      | Found a hide-covered altar of Uskayaw.
 10693 | D:9      | Reached XP level 11. HP: 119/123 MP: 24/28
 10986 | D:10     | Entered Level 10 of the Dungeon
 11040 | D:10     | Found Qoidi's Weapon Boutique.
 11151 | D:10     | Noticed Josephine
 11170 | D:10     | Killed Josephine
 11170 | D:10     | Reached **** piety under Beogh
 11175 | D:10     | Reached skill level 14 in Spellcasting
 11406 | D:10     | Reached skill level 5 in Polearms
 11545 | D:10     | Reached skill level 1 in Invocations
 11548 | D:10     | Found a runed translucent door.
 11549 | D:10     | Noticed a deep elf pyromancer
 11550 | D:10     | Noticed an orc knight
 11608 | D:10     | Found a runed translucent door.
 11608 | D:10     | Noticed SirDiesAlot's ghost (journeyman CoGl)
 11660 | D:10     | Noticed a two-headed ogre
 11671 | D:10     | Killed a two-headed ogre
 11679 | D:10     | Your ally Arbolt died
 12425 | Lair:1   | Entered Level 1 of the Lair of Beasts
 12648 | Lair:1   | Noticed a boulder beetle
 12660 | Lair:1   | Killed a boulder beetle
 12947 | Lair:1   | Reached skill level 5 in Invocations
 12959 | Lair:1   | Reached XP level 12. HP: 45/132 MP: 23/30
 13350 | Lair:1   | Reached skill level 15 in Spellcasting
 13815 | Lair:2   | Learned a level 5 spell: Irradiate
 13836 | Lair:2   | Your ally Arbolt died
 14592 | Lair:2   | Your ally Blodwig died
 14633 | Lair:2   | HP: 5/132 [+0 trident[Morguth the orc apostle] (3)]
 14635 | Lair:2   | HP: 1/132 [+0 trident[Morguth the orc apostle] (4)]
 14639 | Lair:2   | Mangled by a +0 trident

Illustrated notes

Levels and vault maps discovered:
D:1:      dpeg_arrival_concentric_ovals, layout_basic, item_on_display_a
D:2:      layout_rooms, serial_rivers, chequers_serial_rivers_small_b,
          chequers_serial_rivers_large_a, chequers_serial_rivers_micro_e,
          chequers_serial_rivers_micro_c, chequers_serial_rivers_micro_c
D:3:      gammafunk_steamed_eel, layout_basic, mainiacjoe_overflow_brackets
D:4:      layout_rooms, minivault_1
D:5:      corexii_shantytown, layout_cave_pools,
          amethyst_overflow_temple_binary, serial_column_ruins,
          column_ruins_open_small, column_ruins_columns_straight,
          column_ruins_open_large, column_ruins_open_large, column_ruins_grid_1,
          column_ruins_columns_corner, hex_tiny, uniq_pikel
D:6:      layout_gridville, nicolae_overflow_hidden_temple,
          mainiacjoe_overflow_surrounded_room, portal_sewer_entry_f,
          gammafunk_ghost_nasty_kobolds
D:7:      layout_rooms, gammafunk_temple_overflow_claw,
          minmay_temple_entry_tees, uniq_maurice, uniq_crazy_yiuf_cottage
D:8:      layout_loops_ring, mainiacjoe_overflow_boulevard, lemuel_doored_altar,
          mainiacjoe_overflow_catwalk, lair_entry_dummy, uniq_maggie, uniq_grum
D:9:      layout_big_octagon, eat_drink_and_be_merry_uskayaw
D:10:     kennysheep_spiral_hall, layout_stronghold, gammafunk_ghost_grave,
          serial_shops, nicolae_shop_hallway_stairs, wad_hexagon, uniq_josephine
Lair:1:   layout_cellular_growth, infiniplex_staircase_pool
Lair:2:   layout_roguey, st_stairs_3, serial_bayou_shore_a, lemuel_fruit_fields

Skill      XL: |  1  2  3  4  5  6  7  8  9 10 11 12 |
---------------+-------------------------------------+-----
Conjurations   | 1 4 |  4.0
Fighting       | 1 2 3 4 5 6 8 10 11 12 | 12.0
Spellcasting   | 4 5 6 8 10 12 13 14 15 | 15.4
Summonings     | 1 2 |  2.0
Air Magic      | 1 |  1.0
Alchemy        | 1 |  1.0
Polearms       | 3 6 8 |  8.0
Invocations    | 5 7 |  7.1
Dodging        | |  1.7
Stealth        | |  1.4
Translocations | |  0.8

Action                     |  1- 3 |  4- 6 |  7- 9 | 10-12 || total
---------------------------+-------+-------+-------+-------++-------
  Melee: Dagger            |    13 |       |       |       ||    13
         Headbutt          |    12 |    24 |    55 |    84 ||   175
         Short sword       |    37 |       |       |       ||    37
         Quarterstaff      |    49 |   151 |   251 |       ||   451
         Spear             |       |       |    82 |   362 ||   444
         Glaive            |       |       |       |     7 ||     7
   Cast: Magic Dart        |    12 |       |     3 |       ||    15
         Call Imp          |     3 |    16 |    38 |     8 ||    65
         Mephitic Cloud    |       |     2 |    25 |    33 ||    60
         Blink             |       |       |     4 |     1 ||     5
         Iskenderun's Myst |       |       |       |     2 ||     2
 Invoke: Convert to Beogh  |       |     1 |       |       ||     1
         Recruit Apostle   |       |       |       |     2 ||     2
         Recall Apostles   |       |       |       |     2 ||     2
  Evoke: Wand              |       |       |       |     6 ||     6
    Use: Scroll            |       |    11 |     4 |     9 ||    24
         Potion            |       |       |     5 |     9 ||    14
   Stab: Sleeping          |     5 |       |     1 |       ||     6
         Confused          |       |     1 |    10 |    12 ||    23
         Distracted        |       |       |       |     3 ||     3
         Invisible         |       |       |       |     1 ||     1
 Armour: Robe              |    60 |   126 |   311 |    28 ||   525
         Steam dragon scal |       |       |       |    57 ||    57
         Acid dragon scale |       |       |       |   209 ||   209
  Dodge: Dodged            |    45 |    91 |   185 |   115 ||   436

Table legend: (Time is in decaauts)
 A = Elapsed time spent in this place.
 B = Non-inter-level travel time spent in this place.
 C = Inter-level travel time spent in this place.
 D = Time resting spent in this place.
 E = Time spent auto-exploring this place.
 F = Levels seen in this place.
 G = Mean time per level.
                   A        B        C        D        E       F      G
               +--------+--------+--------+--------+--------+-----+--------+
         Total |  14774 |  14132 |    642 |   3448 |   6964 |  13 | 1136.5 |
       Dungeon |  11889 |  11303 |    586 |   2713 |   5536 |  10 | 1188.9 |
          Lair |   2170 |   2114 |     56 |    625 |   1090 |   2 | 1085.0 |
         Sewer |    714 |    714 |      0 |    110 |    338 |   1 |  714.0 |
               +--------+--------+--------+--------+--------+-----+--------+

Top non-repeatable levels by time:
     D:8: 2122 daAuts
     D:5: 1749 daAuts
    D:10: 1419 daAuts
     D:3: 1355 daAuts
  Lair:1: 1205 daAuts
     D:4: 1202 daAuts
     D:6: 965 daAuts
  Lair:2: 964 daAuts
     D:1: 845 daAuts
     D:7: 773 daAuts
     D:2: 736 daAuts
     D:9: 721 daAuts
   Sewer: 714 daAuts
